Map: Orbital Shipyard

Players

Defqon

  • Race: Protoss Protoss
  • League: Diamond

LilDicky - Winner!

  • Race: Terran Terran
  • League: Diamond

VOD

http://www.twitch.tv/tumescentpie

Description

Time

  • Played on: Nov. 24, 2015, 7:46 p.m.
  • Length: 4:02
Show
View Real Time Build Order
Export as new Build Order

Defqon Protoss 

Build Orders:  

Get SALT Encoding   

  12  0:01  Probe (Chrono Boost)  
  13  0:12  Probe (Chrono Boost)  
  14  0:18  Pylon  
  14  0:22  Probe (Chrono Boost)  
  15  0:36  Probe (Chrono Boost)  
  15  0:39  Gateway  
  16  0:46  Probe (Chrono Boost)  
  16  0:49  Assimilator  
  17  0:57  Pylon  
  17  1:01  Probe (Chrono Boost)  
  18  1:07  Assimilator  
  18  1:11  Probe (Chrono Boost)  
  19  1:22  Probe (Chrono Boost)  
  20  1:26  Cybernetics Core  
  20  1:32  Probe (Chrono Boost)  
  21  1:43  Probe (Chrono Boost)  
  22  1:53  Probe (Chrono Boost)  
  23  2:05  Mothership Core (Chrono Boost), Stalker (Chrono Boost)  
  23  2:07  Warp Gate (Chrono Boost)  
  26  2:25  Nexus  
  26  2:30  Probe  
  27  2:37  Pylon  
  27  2:41  Sentry  
  29  2:46  Probe  
  30  2:54  Gateway  
  30  2:58  Probe  
  31  3:08  Sentry  
  31  3:10  Probe  
  34  3:27  Robotics Facility  
  34  3:36  Probe  
  34  3:38  Probe  
  34  3:50  Probe  
  35  3:58  Assimilator  
Show
View Real Time Build Order
Export as new Build Order

LilDicky Terran - Winner!

Build Orders:  

Get SALT Encoding   

  12  0:01  SCV  
  13  0:13  SCV  
  14  0:17  Supply Depot  
  14  0:25  Refinery  
  14  0:27  SCV  
  15  0:39  SCV  
  16  0:46  Barracks  
  16  0:51  SCV  
  17  1:04  SCV  
  18  1:16  SCV  
  19  1:33  Marine  
  19  1:34  Supply Depot, Orbital Command  
  19  1:37  Factory  
  20  1:51  Marine  
  21  2:03  SCV  
  21  2:07  Barracks  
  22  2:13  Barracks  
  22  2:27  Barracks Reactor  
  22  2:32  SCV  
  22  2:35  Refinery  
  23  2:40  Widow Mine  
  25  2:44  SCV  
  25  2:47  Supply Depot  
  25  2:59  Barracks Tech Lab  
  25  3:00  Barracks Tech Lab  
  25  3:01  SCV  
  26  3:07  Marine x2  
  26  3:09  Widow Mine  
  30  3:25  Marine  
  31  3:27  Marine x2  
  31  3:29  Marine  
  31  3:31  Supply Depot  
Tags
 
Add a new tag
Caveats
  • Supply blocks, unpowered buildings, or Contaminate may cause inaccurate times.
  • Supply counts are checked every 10 seconds.